 Dungeon Crawl Stone Soup version 0.21-a0-352-g5b8f553 (webtiles) character file.

59 aurelian the Skirmisher (level 4, -2/42 HPs)
             Began as a Hill Orc Wanderer on Oct 10, 2017.
             Slain by Sigmund
             ... wielding a +0 scythe
              (6 damage)
             ... on level 2 of the Dungeon.
             The game lasted 00:06:37 (2200 turns).

aurelian the Skirmisher (Hill Orc Wanderer)         Turns: 2200, Time: 00:06:38

Health: -2/42      AC:  7    Str: 22    XL:     4   Next: 3%
Magic:  4/4        EV: 10    Int: 11    God:
Gold:   149        SH:  0    Dex:  9    Spells: 3/3 levels left

rFire    . . .     SeeInvis .   k - +0 spear
rCold    . . .     Gourm    .   (no shield)
rNeg     . . .     Faith    .   e - +0 ring mail
rPois    .         Spirit   .   (no helmet)
rElec    .         Reflect  .   (no cloak)
rCorr    .         Harm     .   (no gloves)
MR       .....                  p - +1 pair of boots
Stlth    ..........             (no amulet)
HPRegen  0.14/turn              (no ring)
MPRegen  0.09/turn              (no ring)

@: confused, mighty
A: no striking features
a: no special abilities


You were on level 2 of the Dungeon.
You were not hungry.

You visited 1 branch of the dungeon, and saw 3 of its levels.

You collected 149 gold pieces.

Inventory:

Hand Weapons
 a - a +0 hand crossbow
 b - a +2 blowgun
 g - a +0 dagger
 i - a +2 vampiric whip
 k - a +0 spear (weapon)
Missiles
 c - 3 curare-tipped needles
 d - 43 bolts
 j - 21 stones (quivered)
Armour
 e - a +0 ring mail (worn)
 p - a +1 pair of boots (worn)
Jewellery
 n - a cursed -2 ring of dexterity {unknown}
Scrolls
 l - a scroll of recharging
Potions
 o - a potion of flight
Comestibles
 f - a bread ration
 q - 6 chunks of flesh
 s - 2 fruits


   Skills:
 - Level 5.3 Fighting
 * Level 1.6 Polearms
 - Level 1.7 Crossbows
 - Level 1.0 Throwing
 - Level 3.2 Armour
   Level 1.1 Shields


You had 3 spell levels left.
You didn't know any spells.

Dungeon Overview and Level Annotations

Branches:
Dungeon (3/15)

Altars:

Annotations:
D:2 Sigmund


Message History

Sigmund mumbles some strange words.
Sigmund flickers and vanishes!
Deactivating autopickup; reactivate with Ctrl-A.
You bump into the rock wall.
A magic dart appears from out of thin air!
The magic dart hits you!
* * * LOW HITPOINT WARNING * * *
You are more confused.
It was a potion of might.
You feel very mighty all of a sudden.
Okay, then.
You're too confused!
You bump into the rock wall.
You bump into the rock wall.
A magic dart appears from out of thin air!
The magic dart hits you!
* * * LOW HITPOINT WARNING * * *
You're too confused to move!
Something hits you but does no damage. Something hits you.
You die...

#.## #.#.# #.
##.## #. ####.####
#. #..†....#
#.##.##.#
#.##.##.#
#....##.#
#..####.# ######
#.@####.# .....#
####.......#
.....#
##.###.######
####.######......#
............@#####
####.#########
####.# .....#
######


There were no monsters in sight!

Vanquished Creatures
  An adder (D:3)
  4 bats
  4 giant cockroaches
  3 goblins (D:1)
  5 hobgoblins
  10 jackals (D:1)
  5 kobolds
  7 frilled lizards
  9 rats
48 creatures vanquished.

Notes
Turn   | Place    | Note
-------+----------+-------------------------------------------
     0 | D:1      | aurelian the Hill Orc Wanderer began the quest for the Orb.
     0 | D:1      | aurelian set off with: 3 curare-tipped needles, a +2 blowgun, a +0 hand crossbow, 25 bolts, a +0 ring mail, a bread ration
     0 | D:1      | Reached XP level 1. HP: 19/19 MP: 1/1
   164 | D:1      | Reached skill level 4 in Fighting
   256 | D:1      | Reached XP level 2. HP: 20/27 MP: 2/2
  1011 | D:1      | Reached skill level 5 in Fighting
  1011 | D:1      | Reached XP level 3. HP: 36/36 MP: 3/3
  2053 | D:2      | Reached skill level 1 in Polearms
  2104 | D:2      | Noticed Sigmund
  2147 | D:3      | Reached XP level 4. HP: 17/42 MP: 4/4
  2200 | D:2      | Slain by Sigmund

Vault maps used:
D:1:      scummos_arrival_simple_crosswalls, minmay_misc_feat_tiny,
          minmay_stone_trees_small, minmay_misc_feat_diagonals
D:2:      hangedman_decor_clover_reticule, uniq_crazy_yiuf_cottage, uniq_sigmund
D:3:      minmay_misc_feat_tower, kennysheep_nondescript, corexii_corridor_pit,
          uniq_robin

Skill      XL: |  1  2  3 |
---------------+----------+-----
Fighting       | 4 5 |  5.3
Polearms       | 1 |  1.6
Crossbows      | |  1.7
Throwing       | |  1.0
Armour         | |  3.2
Shields        | |  1.1

Action                   |  1- 3 |  4- 6 || total
-------------------------+-------+-------++-------
Melee: Unarmed           |   270 |       ||   270
       Spear             |    40 |       ||    40
 Fire: Hand crossbow     |    18 |       ||    18
  Use: Scroll            |     3 |       ||     3
       Potion            |       |     1 ||     1
  Eat: Fruit             |     4 |       ||     4
       Chunk             |     1 |       ||     1
Armor: Ring mail         |   128 |     1 ||   129
Dodge: Dodged            |   165 |       ||   165

Table legend:
 A = Spawn XP
 B = Non-spawn XP
 C = Spawn XP percentage of total XP
 D = Spawn monster count
 E = Non-spawn monster count
 F = Spawn count percentage of total count
 G = Total turns spent on level
                    A         B        C        D         E        F      G
               +---------+---------+-------+---------+---------+-------+---------
         Total |       0 |      85 |   0.0 |       0 |      48 |   0.0 |  2200
               +---------+---------+-------+---------+---------+-------+---------
           D:1 |       0 |      55 |   0.0 |       0 |      34 |   0.0 |  1915
           D:2 |       0 |      16 |   0.0 |       0 |      12 |   0.0 |   232
           D:3 |       0 |      14 |   0.0 |       0 |       2 |   0.0 |    53
               +---------+---------+-------+---------+---------+-------+---------
